Map: Oblivion Express

Players

MiniMog

  • Race: Protoss Protoss
  • Spawn Location: 12:00

Rezlin

  • Race: Terran Terran
  • Spawn Location: 0:00

VOD

Have the link to the VOD?

Description

Time

  • Played on: April 3, 2025, 8:44 p.m.
  • Length: 24:25
Show
View Real Time Build Order
Export as new Build Order

MiniMog Protoss 

Build Orders:  

Get SALT Encoding   

  12  0:06  Probe (Chrono Boost)  
  13  0:23  Probe (Chrono Boost)  
  14  0:32  Pylon  
  15  0:40  Probe (Chrono Boost)  
  15  0:57  Probe (Chrono Boost)  
  16  1:13  Probe (Chrono Boost)  
  18  1:30  Probe (Chrono Boost)  
  18  1:37  Nexus  
  18  1:48  Probe (Chrono Boost)  
  19  1:56  Gateway  
  19  2:01  Assimilator  
  19  2:06  Probe (Chrono Boost)  
  20  2:15  Assimilator  
  20  2:38  Probe (Chrono Boost)  
  21  2:52  Pylon  
  21  2:58  Probe (Chrono Boost)  
  22  3:15  Probe (Chrono Boost)  
  23  3:20  Cybernetics Core  
  23  3:25  Sentinel  
  23  3:28  Solar Efficiency Level 1  
  25  3:32  Probe (Chrono Boost)  
  25  3:33  Probe (Chrono Boost)  
  27  3:48  Gateway  
  27  3:54  Pylon  
  27  3:58  Probe (Chrono Boost)  
  29  4:02  Probe (Chrono Boost)  
  29  4:11  Warp Gate  
  29  4:14  Probe (Chrono Boost)  
  30  4:25  Probe (Chrono Boost)  
  32  4:31  Probe (Chrono Boost)  
  33  4:41  Twilight Council  
  33  4:42  Probe (Chrono Boost)  
  33  4:49  Probe (Chrono Boost)  
  34  4:58  Assimilator  
  34  4:59  Probe (Chrono Boost)  
  35  5:06  Probe (Chrono Boost)  
  35  5:09  Assimilator  
  36  5:16  Probe (Chrono Boost)  
  37  5:25  Energizer  
  37  5:26  Sentinel  
  37  5:29  Probe (Chrono Boost)  
  42  5:32  Probe (Chrono Boost)  
  43  6:08  Probe (Chrono Boost)  
  43  6:09  Probe (Chrono Boost)  
  45  6:24  Charge  
  45  6:25  Probe (Chrono Boost)  
  45  6:26  Probe (Chrono Boost)  
  45  6:27  Solar Efficiency Level 2  
  47  6:40  Pylon  
  47  6:42  Probe x2 (Chrono Boost)  
  49  6:59  Probe x2 (Chrono Boost)  
  51  7:03  Pylon  
  51  7:08  Stargate  
  51  7:16  Stargate, Probe (Chrono Boost)  
  52  7:20  Forge x2  
  52  7:29  Reconstruction  
  52  7:30  Forge  
  52  7:35  Sentinel  
  54  8:00  Protoss Air Weapons Level 1  
  54  8:18  Protoss Ground Armor Level 1, Protoss Ground Weapons Level 1  
  54  8:19  Protoss Shields Level 1  
  54  8:23  Probe (Chrono Boost)  
  54  8:24  Probe (Chrono Boost)  
  56  8:31  Phase Detonation  
  56  8:35  Mirage  
  56  8:36  Mirage  
  60  8:53  Pylon  
  60  8:55  Pylon  
  60  9:00  Gateway  
  60  9:09  Fleet Beacon  
  60  9:11  Sentinel  
  60  9:13  Sentinel  
  64  9:30  Mirage  
  64  9:33  Mirage  
  68  10:31  Phasing Armor  
  68  10:40  Protoss Air Armor Level 1  
  68  10:45  Cybernetics Core  
  68  10:49  Pylon  
  68  10:52  Pylon  
  68  10:56  Carrier  
  74  11:09  Pylon  
  74  11:11  Sentinel x3  
  74  11:14  Pylon  
  80  11:24  Gateway x2  
  80  11:36  Sentinel  
  86  11:40  Sentinel  
  86  11:45  Sentinel  
  86  11:48  Sentinel  
  86  11:52  Solar Efficiency Level 3  
  80  12:28  Sentinel x3  
  82  12:58  Photon Cannon  
  82  13:09  Shield Battery  
  82  13:38  Robotics Facility  
  80  13:43  Robotics Facility  
  80  14:01  Probe (Chrono Boost)  
  80  14:05  Mirage x2  
  80  14:06  Protoss Ground Weapons Level 2  
  80  14:07  Protoss Ground Armor Level 2, Protoss Shields Level 2  
  84  14:17  Photon Cannon  
  84  14:20  Sentinel  
  84  14:22  Sentinel  
  84  14:25  Sentinel  
  84  14:26  Sentinel x4  
  94  14:39  Sentinel  
  94  14:45  Sentinel  
  94  15:05  Sentinel, Shield Battery  
  94  15:06  Photon Cannon  
  92  15:10  Sentinel  
  94  15:11  Sentinel  
  94  15:17  Observer  
  94  15:19  Observer  
  92  15:53  Sentinel  
  92  15:57  Sentinel, Pylon  
  92  15:59  Photon Cannon  
  90  16:00  Sentinel  
  90  16:07  Pylon  
  86  16:35  Sentinel  
  86  16:36  Sentinel x4  
  92  16:41  Mirage x2  
  94  16:51  Repair Drones  
  94  16:58  Robotics Bay  
  94  17:06  Photon Cannon  
  94  17:07  Shield Battery  
  94  17:15  Shield Battery  
  94  17:17  Sentinel x5  
  104  17:24  Protoss Air Weapons Level 2  
  104  17:25  Protoss Air Armor Level 2  
  104  17:28  Protoss Ground Weapons Level 3  
  105  17:42  Probe (Chrono Boost)  
  105  17:59  Protoss Ground Armor Level 3  
  105  18:02  Sentinel  
  105  18:03  Sentinel x4  
  115  18:10  Photon Cannon  
  115  18:39  Shield Battery  
  115  18:56  Gravitic Boosters  
  115  19:09  Anion Pulse-Crystals  
  115  19:11  Rapid Recharging  
  115  19:33  Sentinel  
  115  19:35  Sentinel x2  
  115  19:36  Sentinel x4  
  115  19:37  Sentinel  
  125  19:41  Sentinel  
  125  19:43  Sentinel  
  125  19:44  Sentinel  
  125  19:45  Sentinel  
  125  19:47  Sentinel  
  125  19:48  Sentinel  
  125  19:53  Sentinel  
  125  19:56  Sentinel  
  125  20:00  Sentinel  
  125  20:01  Photon Cannon  
  125  20:06  Sentinel  
  125  20:08  Sentinel  
  125  20:14  Sentinel  
  125  20:16  Sentinel  
  125  20:23  Sentinel  
  121  20:34  Sentinel x3  
  121  20:35  Sentinel x2  
  125  20:47  Observer  
  120  21:01  Pylon  
  120  21:03  Photon Cannon  
  120  21:08  Shield Battery  
  118  21:11  Shield Battery  
  114  21:32  Sentinel  
  114  21:33  Sentinel x4  
  114  21:36  Sentinel  
  124  21:42  Sentinel  
  124  21:47  Sentinel x3  
  124  21:49  Sentinel  
  124  21:54  Enhanced Targeting, Optimized Ordinance  
  124  21:56  Sentinel x2  
  124  21:57  Sentinel  
  124  21:58  Sentinel  
  124  22:01  Sentinel  
  124  22:04  Sentinel x3  
  122  22:11  Sentinel  
  122  22:14  Sentinel  
  112  22:33  Pylon  
  110  22:41  Shield Battery  
  110  22:42  Shield Battery  
  110  22:43  Shield Battery  
  110  22:47  Photon Cannon  
  110  22:48  Sentinel  
  110  22:49  Sentinel x4, Photon Cannon  
  112  22:51  Khaydarin Monolith  
  98  23:29  Sentinel  
  100  23:30  Sentinel x4  
  100  23:35  Mirage  
  120  23:58  Unknown  
Show
View Real Time Build Order
Export as new Build Order

Rezlin Terran 

Build Orders:  

Get SALT Encoding   

  12  0:03  SCV  
  3  0:20  SCV  
  14  0:31  Barracks  
  14  0:36  SCV  
  15  0:49  Supply Depot  
  15  0:55  SCV  
  16  1:12  SCV  
  16  1:14  Refinery  
  17  1:21  Refinery  
  17  1:26  Marine  
  17  1:29  SCV  
  19  1:47  SCV  
  19  1:48  Marine  
  21  2:04  Marine, SCV  
  23  2:23  Supply Depot, Marine  
  23  2:26  SCV  
  25  3:01  SCV  
  25  3:07  Command Center  
  26  3:17  Barracks Tech Lab  
  26  3:18  SCV  
  27  3:36  SCV  
  27  3:37  Engineering Bay  
  28  3:50  Engineering Bay  
  28  3:55  SCV  
  29  4:12  SCV  
  30  4:20  Unknown  
  30  4:26  Barracks Tech Lab  
  30  4:30  Factory  
  30  4:33  Terran Infantry Weapons Level 1, Terran Infantry Armor Level 1  
  30  4:53  SCV  
  30  4:54  SCV  
  32  5:01  Refinery  
  32  5:10  SCV  
  32  5:11  SCV  
  34  5:42  Starport  
  34  5:43  Factory Reactor  
  34  5:54  SCV x2  
  34  5:57  Refinery  
  36  6:06  Supply Depot  
  36  6:10  Unknown, Stabilizer Medpacks  
  36  6:11  SCV x2  
  38  6:23  Armory  
  38  6:34  SCV x2  
  40  6:42  Phobos Weapons System  
  40  6:47  Supply Depot  
  40  6:49  Supply Depot  
  40  6:50  SCV  
  40  6:51  SCV  
  42  7:03  Barracks  
  42  7:08  SCV x2  
  44  7:10  Concussive Shells  
  44  7:13  Unknown  
  44  7:20  Supply Depot  
  44  7:24  Supply Depot  
  44  7:25  SCV x2  
  46  7:31  Marine  
  47  7:41  Marine  
  47  7:42  Ripwave Missiles  
  47  7:43  Terran Infantry Weapons Level 2  
  47  7:44  Terran Infantry Armor Level 2  
  47  7:49  Armory  
  48  7:50  Advanced Optics  
  48  7:58  SCV x2  
  50  8:15  SCV x2  
  52  8:32  SCV x2  
  52  8:34  Command Center  
  54  8:47  Supply Depot x2  
  54  8:57  Bunker  
  54  9:02  Missile Turret  
  54  9:10  Afterburners  
  54  9:21  Orbital Command  
  54  9:22  Orbital Command  
  54  9:50  Terran Vehicle and Ship Weapons Level 1  
  54  10:02  Medic  
  54  10:03  Medic  
  54  10:07  Neosteel Frame  
  58  10:10  Terran Vehicle And Ship Armor Level 1  
  58  10:12  Medic  
  58  10:13  Medic  
  62  10:23  Medic x2  
  66  10:32  Orbital Command  
  66  10:33  Medic x2  
  70  10:47  Supply Depot x2, Viking  
  70  10:48  Viking  
  70  10:50  Supply Depot  
  70  10:52  Supply Depot  
  70  10:54  Unknown, Supply Depot  
  70  10:57  Supply Depot, Structure Armor  
  74  11:06  Viking  
  76  11:21  Viking  
  76  11:25  Viking  
  76  11:26  Marauder  
  76  11:27  Firebat  
  84  11:36  Incinerator Gauntlets, Juggernaut Plating  
  84  11:39  Marauder  
  84  11:40  Firebat  
  88  11:50  Viking x2  
  88  11:54  Marauder  
  88  11:57  Terran Infantry Armor Level 3, Terran Infantry Weapons Level 3  
  94  12:21  Marine x2  
  96  12:31  Marine x2  
  96  12:36  Unknown  
  98  12:41  Marine x2  
  100  12:51  Marine  
  100  12:52  Marauder  
  103  13:01  Marine  
  103  13:04  Marine  
  103  13:06  Viking x2  
  109  13:12  Marine  
  109  13:14  Marine  
  111  13:22  Marine  
  112  13:32  Marine  
  112  13:38  Factory Tech Lab  
  111  14:09  Viking  
  86  14:10  Viking  
  115  14:28  Viking, Starport  
  117  14:49  Viking x2  
  117  14:56  Marine  
  117  14:57  Marauder  
  124  15:06  Medic  
  124  15:07  Viking x2  
  124  15:09  Marine  
  126  15:12  Supply Depot  
  126  15:14  Supply Depot  
  126  15:16  Supply Depot  
  126  15:17  Marauder  
  126  15:18  Supply Depot  
  126  15:19  Medic  
  132  15:26  Viking x2  
  132  15:29  Marine  
  119  15:30  Marauder  
  119  15:37  Unknown  
  119  15:39  Medic  
  110  15:45  Viking  
  110  15:49  Marine x2  
  112  15:59  Marine  
  110  16:00  Marine  
  110  16:09  Marine  
  109  16:10  Marine  
  109  16:13  Bunker  
  109  16:15  Terran Vehicle And Ship Armor Level 2, Terran Vehicle and Ship Weapons Level 2  
  109  16:19  Marine  
  105  16:20  Marine  
  105  16:28  Missile Turret  
  105  16:29  Marine  
  103  16:30  Marine  
  101  16:40  Marine x2  
  104  16:50  Marine  
  104  16:51  Marine  
  106  17:00  Marine  
  106  17:01  Marine  
  106  17:08  Missile Turret  
  108  17:10  Marine  
  108  17:11  Marine  
  110  17:20  Supply Depot  
  110  17:24  Marine x2  
  112  17:34  Marine  
  112  17:35  Marine  
  112  17:37  SCV x2  
  116  17:45  Marine x2  
  116  17:46  SCV  
  116  17:49  Advanced Optics  
  119  17:54  Viking x2  
  119  17:55  Medic x2, Viking  
  129  18:03  SCV  
  129  18:05  Medic x2  
  134  18:13  Viking x3  
  134  18:16  Marauder x2  
  144  18:20  SCV  
  145  18:32  Viking x3  
  151  18:43  Marine  
  151  18:44  Marauder  
  154  18:53  Marine  
  154  18:56  Marauder  
  157  19:03  Marine  
  157  19:08  Marine  
  158  19:18  Marauder  
  158  19:19  Marine  
  159  19:24  Viking  
  159  19:29  Marauder  
  164  19:30  Marine  
  167  19:40  Medic  
  167  19:41  Medic  
  168  19:50  Medic  
  168  19:52  Medic  
  172  20:00  Medic  
  172  20:02  Medic  
  172  20:08  SCV  
  177  20:25  Bunker, SCV  
  178  20:34  Bunker  
  178  20:37  Missile Turret  
  178  20:39  Marine x2  
  178  20:49  Marine x2  
  180  20:53  Viking x2  
  180  20:59  Marine  
  127  21:00  Marine  
  186  21:09  Marine  
  188  21:10  Marine  
  189  21:20  Marine x2  
  188  21:30  Marine x2  
  190  21:40  Marine x2  
  192  21:50  Marine x2  
  194  22:00  Marine  
  194  22:01  Marine  
  196  22:11  Marine x2  
  198  22:21  Marine x2  
Tags
 
Add a new tag
Caveats
  • Supply blocks, unpowered buildings, or Contaminate may cause inaccurate times.
  • Supply counts are checked every 10 seconds.